 Dungeon Crawl Stone Soup version 0.25-a0-614-g73ad250637 (webtiles) character file.

Game seed: 12115146968551148573, levelgen mode: deterministic

133 n0claF the Chopper (level 5, -3/47 HPs)
             Began as a Hill Orc Fighter on Mar 17, 2020.
             Slain by Sigmund
             ... wielding a +0 scythe
              (10 damage)
             ... on level 3 of the Dungeon.
             The game lasted 00:06:37 (2020 turns).

n0claF the Chopper (Hill Orc Fighter)               Turns: 2020, Time: 00:06:37

Health: -3/47      AC:  7    Str: 20    XL:     5   Next: 16%
Magic:  5/5        EV:  8    Int:  8    God:
Gold:   58         SH:  9    Dex: 10    Spells: 4/4 levels left

rFire    . . .     SeeInvis .   a - +0 war axe
rCold    . . .     Gourm    .   c - +0 kite shield
rNeg     . . .     Faith    .   p - +0 ring mail (curse)
rPois    .         Spirit   .   f - +0 helmet
rElec    .         Reflect  .   (no cloak)
rCorr    .         Harm     .   (no gloves)
MR       .....                  (no boots)
Stlth    ..........             (no amulet)
HPRegen  0.15/turn              (no ring)
MPRegen  0.09/turn              (no ring)

@: mighty
A: no striking features
a: no special abilities


You were on level 3 of the Dungeon.
You were not hungry.

You visited 1 branch of the dungeon, and saw 3 of its levels.

You collected 58 gold pieces.

Inventory:

Hand Weapons
 a - a +0 war axe (weapon)
Armour
 b - a +0 scale mail
 c - a +0 kite shield (worn)
 f - a +0 helmet (worn)
   (You took it off Robin on level 2 of the Dungeon)
 p - a cursed +0 ring mail (worn)
   (You found it on level 2 of the Dungeon)
 t - a +0 cloak
   (You found it on level 3 of the Dungeon)
 v - a scarf of cloud immunity
   (You found it on level 3 of the Dungeon)
Jewellery
 h - an uncursed ring of poison resistance {unknown}
   (You found it on level 1 of the Dungeon)
Wands
 w - a wand of enslavement (8)
   (You found it on level 3 of the Dungeon)
Scrolls
 g - 3 scrolls of teleportation {unknown}
 k - 2 scrolls of magic mapping {unknown}
 l - 2 scrolls of remove curse {unknown}
 m - a scroll of fear {unknown}
 r - a scroll of identify {unknown}
 u - a scroll of fog {unknown}
Potions
 i - 2 potions of cancellation {unknown}
 j - a potion of brilliance {unknown}
 n - a potion of magic {unknown}
 o - a potion of haste {unknown}
 q - a potion of mutation {unknown}
Comestibles
 e - 4 rations {!d}
 s - 5 chunks of flesh


   Skills:
 + Level 4.4 Fighting
 * Level 4.7 Axes
 + Level 4.0 Armour
 + Level 4.0 Shields


You had 4 spell levels left.
You didn't know any spells.
Your spell library was empty.

Dungeon Overview and Level Annotations

Branches:
Dungeon (3/15)

Altars:
Dithmenos

Annotations:
D:3 Sigmund


Message History

The hobgoblin barely misses you.
You closely miss the hobgoblin. You block the hobgoblin's attack.
Your shield prevents you from hitting the hobgoblin.
The hobgoblin hits you with a +0 club.
The hobgoblin hits you but does no damage.
You slice the hobgoblin!!
You kill the hobgoblin!
Natasha misses you.
You closely miss Natasha. Something hits you but does no damage.
Natasha closely misses you.
You slash Natasha!
Natasha mumbles some strange words.
Something hits you.
You slash Natasha!
You kill Natasha!
Natasha screams in fury as she dies!
The shadow imp disappears in a puff of smoke!
The white imp disappears in a puff of smoke!
Your Armour skill increases to level 4!
You have reached level 5!
You feel stronger. You block something's attack.
Something hits you but does no damage.
Things that are here:
a +0 club; the felid corpse of Natasha; a hobgoblin corpse You miss something.
Something hits you!
You barely miss something.
Unknown command.
You hit something. Something hits you but does no damage.
You miss something. Something hits you!
* * * LOW HITPOINT WARNING * * *
You miss something.
You hear some strange, mumbled words.
A magic dart appears from out of thin air!
The magic dart hits you.
* * * LOW HITPOINT WARNING * * *
You closely miss something. You block something's attack.
Unknown command.
You closely miss something. Something hits you!
* * * LOW HITPOINT WARNING * * *
You slash something! Something hits you but does no damage.
You completely miss something. Something hits you!
You die...

...........# #.
######.##### #.## #.#
#..# #.# #.#. ##.## ...##
#####...#######. ...#. #
................
####....#
#####...#############....
. #... .#####.##
#.....@{......# ##.....
.......####>###########..
....... ............#
###.... #############
#####


There were no monsters in sight!

Vanquished Creatures
  Natasha (D:3)
  Robin (D:2)
  3 adders
  An ooze (D:3)
  2 worms
  An orc (D:3)
  A ball python (D:2)
  3 giant cockroaches
  12 goblins
  7 hobgoblins
  6 jackals (D:1)
  5 kobolds
  A quokka (D:3)
  8 bats
  2 frilled lizards
  A rat (D:1)
55 creatures vanquished.

Notes
Turn   | Place    | Note
-------+----------+-------------------------------------------
     0 | D:1      | n0claF the Hill Orc Fighter began the quest for the Orb.
     0 | D:1      | Reached XP level 1. HP: 19/19 MP: 1/1
    25 | D:1      | Reached XP level 2. HP: 21/27 MP: 2/2
   449 | D:1      | Reached XP level 3. HP: 33/33 MP: 3/3
   938 | D:2      | Noticed Robin
   965 | D:2      | Killed Robin
  1080 | D:2      | Reached XP level 4. HP: 36/40 MP: 4/4
  1205 | D:2      | Found a shadowy altar of Dithmenos.
  1993 | D:3      | Noticed Natasha
  1995 | D:3      | Noticed Sigmund
  2010 | D:3      | Killed Natasha
  2010 | D:3      | Reached XP level 5. HP: 32/47 MP: 5/5
  2020 | D:3      | Slain by Sigmund

Levels and vault maps discovered:
D:1:      minmay_arrival_arboretum_small, layout_basic
D:2:      layout_loops_ring, lemuel_round_altar, first_ration, uniq_robin
D:3:      layout_loops_ring, lemuel_crystal_altar, due_unseen_surprise,
          uniq_natasha, uniq_sigmund

Skill      XL: |  1  2  3  4 |
---------------+-------------+-----
Axes           | 3 4 |  4.7
Fighting       | 4 |  4.4
Shields        | 4 |  4.0
Armour         | 4 |  4.0

Action                   |  1- 3 |  4- 6 || total
-------------------------+-------+-------++-------
Melee: War axe           |    96 |    62 ||   158
  Use: Potion            |       |     1 ||     1
  Eat: Chunk             |     1 |     3 ||     4
Armor: Scale mail        |    60 |     8 ||    68
       Ring mail         |       |    20 ||    20
Dodge: Dodged            |    38 |    19 ||    57
Block: Kite shield       |    72 |    23 ||    95

Table legend:
 A = Non-vault XP
 B = Vault XP
 C = Vault XP percentage of total XP
 D = Non-vault monster count
 E = Vault monster count
 F = Vault count percentage of total count
                 A         B        C        D         E       F
            +---------+---------+-------+---------+---------+-------
      Total |     116 |      74 |  38.9 |      41 |      14 |  25.5
            +---------+---------+-------+---------+---------+-------
        D:1 |      36 |       0 |   0.0 |      22 |       0 |   0.0
        D:2 |      25 |      38 |  60.3 |       6 |      13 |  68.4
        D:3 |      55 |      36 |  39.6 |      13 |       1 |   7.1
            +---------+---------+-------+---------+---------+-------
